 Dungeon Crawl Stone Soup version 0.26.1-11-gd32895ea62 (webtiles) character file.

Game seed: 2050188800732956169

175 hawla the Conjurer (level 5, -11/40 HPs)
             Began as a Draconian Conjurer on May 13, 2021.
             Mangled by an ogre
             ... wielding a +0 giant spiked club
              (28 damage)
             ... on level 2 of the Dungeon.
             The game lasted 00:06:40 (2966 turns).

hawla the Conjurer (Draconian Conjurer)             Turns: 2966, Time: 00:06:40

Health: -11/40     AC:  5    Str:  9    XL:     5   Next: 29%
Magic:  1/9        EV: 12    Int: 19    God:
Gold:   92         SH:  0    Dex: 10    Spells: 3/10 levels left

rFire    . . .     SeeInvis .   e - +1 whip (venom)
rCold    . . .     Faith    .   (no shield)
rNeg     . . .     Spirit   .   (armour unavailable)
rPois    .         Reflect  .   (helmet restricted)
rElec    .         Harm     .   (no cloak)
rCorr    .         Rampage  .   (no gloves)
Will     .....     NoTele   +   (no boots)
Stlth    ++........             (no amulet)
HPRegen  0.13/turn              (no ring)
MPRegen  0.11/turn              (no ring)

@: can't move, very slightly contaminated
A: unfitting armour, cold-blooded, AC +5
a: no special abilities


You were on level 2 of the Dungeon.
You visited 1 branch of the dungeon, and saw 2 of its levels.

You collected 92 gold pieces.

Inventory:

Hand Weapons
 e - a +1 whip of venom (weapon)
Jewellery
 d - an uncursed ring of stealth {unknown}
Scrolls
 a - a scroll of amnesia
 b - a scroll of enchant armour
 f - a scroll of fear {unknown}
Potions
 c - 2 potions of resistance {unknown}
 g - 2 potions of mutation {unknown}


   Skills:
 - Level 1.0 Fighting
 - Level 2.0 Dodging
 - Level 2.0 Stealth
 - Level 3.0 Spellcasting
 - Level 5.0 Conjurations
 + Level 2.8 Translocations


You had 3 spell levels left.
You knew the following spells:

 Your Spells              Type           Power        Failure   Level
a - Magic Dart            Conj           84%          1%          1
b - Searing Ray           Conj           42%          3%          2
c - Iskenderun's Mystic   Conj/Tloc      17%          30%         4

Your spell library contained the following spells:

 Spells                   Type           Power        Failure   Level
 Dazzling Flash           Conj/Hex       24%          16%         3
 Fulminant Prism          Conj/Hex       6%           47%         4


Dungeon Overview and Level Annotations

Branches:
Dungeon (2/15)

Altars:
Makhleb


Innate Abilities, Weirdness & Mutations

Your plain brown scales are hard. (AC +5)
You cannot fit into any form of body armour.
You are cold-blooded and may be slowed by cold attacks.


Message History

(Press . to maintain the ray.)
The searing ray misses the ogre.
The searing ray misses the ogre.
Casting: Searing Ray (safe; 3% risk of failure)
Confirm with . or Enter, or press ? or * to list all spells.
The spell is quite dangerous to cast (30% risk of failure)!
Continue anyway?
You miscast Iskenderun's Mystic Blast.
You are very lightly contaminated with residual magic.
The floor and the ceiling briefly switch places.
You are magically locked in place.
The ogre hits you with a +0 giant spiked club!!
Ouch! That really hurt!
Okay, then.
As you read the scroll labelled ACLETIYDESCH, it crumbles to dust.
It is a scroll of amnesia.
Really abort (and waste the scroll)?
Okay, then.
The ogre hits you with a +0 giant spiked club!!
Ouch! That really hurt!
You die...

......##.##..............####...#
###(..........#######.##.#####..#
###..#.....#### #..............
#........<..## ##...##.#####...
#.#..#.......#####.....#..#* #...
.....##........##....####### #..)
...............###...#*##_##*#...
.#...(..........###..#*8...8*#...
###..##.........@O...#*,,,,,*#...
# ##............##.#.#8,,,,,8#)..
###............###...#*,,,,,*#...
.#.............# #...##8...8##..^
.....####....### #...##.....##...
#.##......#### #...#8.....8#...
#.###[.....# ##.###.....##.). #.#
#.####.##### *.#**8...8###.รท
#.###.##.......# *,,**##>##* #.#


You could see an ogre.

Vanquished Creatures
  An iguana (D:2)
  Natasha (D:2)
  3 gnolls (D:2)
  2 adders (D:2)
  2 oozes (D:1)
  2 dart slugs
  2 worms (D:2)
  4 leopard geckos
  A ball python (D:1)
  A giant cockroach (D:1)
  4 goblins
  5 hobgoblins
  5 jackals
  2 quokkas (D:2)
  4 bats
  5 frilled lizards (D:2)
  8 kobolds
  7 rats
59 creatures vanquished.

Notes
Turn   | Place    | Note
-------+----------+-------------------------------------------
     0 | D:1      | hawla the Draconian Conjurer began the quest for the Orb.
     0 | D:1      | Reached XP level 1. HP: 14/14 MP: 3/3
   431 | D:1      | Reached XP level 2. HP: 20/22 MP: 1/5
   441 | D:1      | Learned a level 2 spell: Searing Ray
   689 | D:1      | Reached skill level 1 in Fighting
   987 | D:1      | Reached skill level 1 in Translocations
   987 | D:1      | Reached XP level 3. HP: 28/28 MP: 0/6
  1716 | D:2      | Reached XP level 4. HP: 35/35 MP: 2/7
  1726 | D:2      | Learned a level 4 spell: Iskenderun's Mystic Blast
  1856 | D:2      | Found a burning altar of Makhleb.
  1965 | D:2      | Noticed an ogre
  2478 | D:2      | Noticed Natasha
  2524 | D:2      | Killed Natasha
  2525 | D:2      | Reached XP level 5. HP: 40/40 MP: 3/9
  2637 | D:2      | Reached skill level 5 in Conjurations
  2966 | D:2      | Mangled by an ogre

Illustrated notes

Levels and vault maps discovered:
D:1:      co_arrival_random_square_maze, layout_loops_ring
D:2:      layout_loops_cross, nicolae_overflow_hidden_temple, uniq_natasha

Skill      XL: |  1  2  3  4  5 |
---------------+----------------+-----
Dodging        | 2 |  2.0
Stealth        | 2 |  2.0
Fighting       | 1 |  1.0
Translocations | 1 2 |  2.8
Spellcasting   | 3 |  3.0
Conjurations   | 5 |  5.0

Action                   |  1- 3 |  4- 6 || total
-------------------------+-------+-------++-------
Melee: Unarmed           |    51 |     1 ||    52
       Tailslap          |     4 |     1 ||     5
       Whip              |       |    21 ||    21
 Cast: Magic Dart        |    29 |     6 ||    35
       Searing Ray       |    17 |    14 ||    31
  Use: Scroll            |     4 |     2 ||     6
Armor: Skin              |    27 |    11 ||    38
Dodge: Dodged            |    47 |    26 ||    73
